AoeStats
← jeibanez

Arabia

509731736Analyzed
3v3 RM · 3d ago on Sep 27, 2026· 38m 24s· 6 players
Game mode
Random Map
Map size
Normal (6 player)
Population
200
Speed
Normal
Resources
Standard
Victory
Conquest
Starting age
Dark Age
Ending age
Imperial Age
RankedLock teamsTeams togetherTeam positionsShared explorationLock speedFull tech treeHidden civsTurbo modeCheats
Victory
Defeat
🇨🇴 Muisca · Colombia
1123
+14
🇨🇴 Maya · Colombia
1115
+14
🇨🇴 Hindustanis · Colombia
1113
+14
🇪🇸 Persians · Spain
1124
-16
🇨🇳 Ethiopians · China
1081
-14
🇭🇰 Magyars · Hong Kong SAR China
1026
-12
Ctrl Gio
0:26 Loom
9:22 Feudal Age
10:01 Double-Bit Axe
17:51 Fletching
21:29 Castle Age
21:04 Padded Archer Armor
22:10 Gold Mining
22:02 Horse Collar
21:49 Crossbowman
22:49 Leather Archer Armor
23:06 Bodkin Arrow
26:27 Town Watch
30:24 Eagle Warrior
35:39 Wheelbarrow
35:40 Town Patrol
36:41 Hand Cart
jeibanez
3:12 Loom
11:50 Feudal Age
12:16 Double-Bit Axe
12:43 Horse Collar
15:28 Forging
20:07 Bloodlines
25:39 Scale Barding Armor
29:43 Wheelbarrow
33:52 Castle Age
35:29 Iron Casting
35:15 Chain Barding Armor
34:43 Light Cavalry
35:30 Husbandry
36:40 Bow Saw
Enchiskan
6:48 Loom
9:36 Feudal Age
9:51 Champi Runner
11:08 Double-Bit Axe
17:33 Horse Collar
22:11 Castle Age
20:57 Fletching
21:08 Padded Archer Armor
22:36 Champi Warrior
25:13 Scale Mail Armor
26:43 Forging
28:14 Chain Mail Armor
28:37 Squires
29:26 Iron Casting
31:21 Wheelbarrow
30:32 Town Watch
31:39 Town Patrol
31:45 Heavy Plow
31:55 Bow Saw
32:31 Bodkin Arrow
39:00 Imperial Age
37:41 Hand Cart
37:22 Gold Mining
37:22 Stone Mining
不知名帅哥
11:39 Feudal Age
19:26 Castle Age
箭无虚发
10:53 Feudal Age
11:52 Horse Collar
14:33 Double-Bit Axe
17:18 Fletching
24:05 Castle Age
22:19 Forging
24:28 Padded Archer Armor
24:29 Scale Mail Armor
25:22 Wheelbarrow
25:00 Bow Saw
24:49 Bodkin Arrow
24:21 Crossbowman
30:40 Squires
32:52 Scale Mail Armor
36:24 Thumb Ring
37:15 Gold Mining
Barbas_97
7:58 Loom
9:44 Feudal Age
10:49 Double-Bit Axe
13:23 Wheelbarrow
17:58 Town Watch
18:03 Horse Collar
18:17 Gold Mining
18:40 Bloodlines
21:33 Castle Age
Connection lost

Rejoining the realm…

Still unreachable

The connection could not be restored.

Session expired

The server has moved on; the page needs a fresh start.